 Dungeon Crawl Stone Soup version 0.30.0-5-g1a98f26d00 (webtiles) character file.

Game seed: 15371487297351200418

84 Jase the Chopper (level 4, -7/39 HPs)
             Began as a Hill Orc Fighter on May 9, 2023.
             Mangled by Sigmund
             ... wielding a +0 scythe
              (9 damage)
             ... on level 3 of the Dungeon.
             The game lasted 00:02:12 (1835 turns).

Jase the Chopper (Hill Orc Fighter)                 Turns: 1835, Time: 00:02:12

Health: -7/39      AC:  6    Str: 20    XL:     4   Next: 45%
Magic:  4/4        EV:  9    Int:  8    God:
Gold:   122        SH:  4    Dex: 10    Spells: 3/3 levels left

rFire   . . .        a - +0 war axe
rCold   . . .        c - +0 buckler
rNeg    . . .        b - +0 scale mail
rPois   .            (no helmet)
rElec   .            (no cloak)
rCorr   .            (no gloves)
SInv    .            (no boots)
Will    .....        (no amulet) Stlth
                     (no ring)
HPRegen 0.26/turn    (no ring)
MPRegen 0.09/turn

%: no passive effects
@: no status effects
A: no striking features
a: Convert to Beogh


You were on level 3 of the Dungeon.
You visited 1 branch of the dungeon, and saw 3 of its levels.

You collected 122 gold pieces.

Inventory:

Hand Weapons
 a - a +0 war axe (weapon)
Armour
 b - a +0 scale mail (worn)
 c - a +0 buckler (worn)
Scrolls
 e - a scroll of immolation {unknown}
 f - 2 scrolls of poison {unknown}
 h - 2 scrolls of amnesia {unknown}
 i - 2 scrolls of magic mapping {unknown}
 j - a scroll of torment {unknown}
 k - a scroll of noise {unknown}
Potions
 d - 3 potions of might
 g - 2 potions of magic {unknown}


   Skills:
 - Level 3.6 Fighting
 * Level 6.1 Axes
 - Level 3.2 Armour
 - Level 3.2 Shields


You had 3 spell levels left.
You didn't know any spells.
Your spell library contained the following spells:

 Spells                   Type           Power      Damage    Failure   Level
 Shock                    Conj/Air       0%         1d3       83%         1
 Ignite Poison            Fire/Tmut/Pois 0%         N/A       99%         3
 Swiftness                Air            0%         N/A       99%         3
 Airstrike                Air            0%         2d(0-16)  100%        4
 Sticky Flame             Conj/Fire      0%         2d3       100%        4
 Summon Lightning Spire   Summ/Air       0%         N/A       100%        4
 Storm Form               Tmut/Air       0%         N/A       100%        7
 Ignition                 Fire           0%         3d3       100%        8
 Maxwell's Capacitive Co  Air            0%         ∞         100%        8


Dungeon Overview and Level Annotations

Branches:
Dungeon (3/15)

Altars:
Wu Jian

Shops:
D:2 =

Annotations:
D:3 Sigmund


Message History

The slug dart misses you.
You closely miss the orc. The orc hits you but does no damage. x2
The dart slug launches a dart at you. The slug dart hits you.
You hit the orc.
The orc is moderately wounded.
The orc hits you with a +0 dagger.
You barely miss the orc.
The orc is moderately wounded.
The dart slug launches a dart at you.
The slug dart hits you but does no damage.
The orc closely misses you.
You closely miss the orc.
The orc is moderately wounded.
The orc priest calls upon Beogh to heal the orc.
The orc's wounds heal themselves!
The orc hits you but does no damage. The dart slug launches a dart at you.
The slug dart hits you but does no damage.
The orc priest threatens, "By the altar or by the axe, you will meet Beogh!"
You hit the orc.
The orc is moderately wounded.
The orc hits you but does no damage. The orc hits you with a +0 dagger.
You barely miss the orc.
The orc is moderately wounded.
The dart slug launches a dart at you. The slug dart hits you.
The orc hits you with a +0 dagger.
The orc priest calls down the wrath of Beogh upon you.
Beogh smites you!
* * * LOW HITPOINT WARNING * * *
You hit the orc.
The orc is severely wounded.
The orc hits you but does no damage.
You hit the orc.
You kill the orc!
You hit the orc priest but do no damage.
The orc priest is heavily wounded.
The orc priest hits you with a +0 club.
* * * LOW HITPOINT WARNING * * *
Something hits you!
You die...

##### ...######.
################........<
#.......<#...............
#.########.####..........
#..........# #......~~~.
###############.w.##~≈≈≈~
....o.o@.#.# ~w≈~
.....#####.# ≈≈~ ... ..#
. ###


You could see an orc priest, a dart slug and an orc.

Vanquished Creatures
  A gnoll (D:1)
  2 adders (D:2)
  An orc (D:3)
  3 bats
  7 endoplasms
  2 giant cockroaches
  4 goblins
  4 hobgoblins (D:2)
  6 jackals
  5 kobolds
  2 quokkas
  2 ball pythons
  8 frilled lizards
  2 rats (D:2)
49 creatures vanquished.

Notes
Turn   | Place    | Note
-------+----------+-------------------------------------------
     0 | D:1      | Jase the Hill Orc Fighter began the quest for the Orb.
     0 | D:1      | Reached XP level 1. HP: 19/19 MP: 1/1
    30 | D:1      | Reached skill level 3 in Axes
    90 | D:1      | Reached XP level 2. HP: 25/26 MP: 2/2
   120 | D:1      | Reached skill level 4 in Axes
   473 | D:1      | Found an ornate altar of the Wu Jian Council.
   556 | D:1      | Reached XP level 3. HP: 31/31 MP: 3/3
   614 | D:2      | Found Ingaxuf's Jewellery Boutique.
   716 | D:2      | Reached skill level 5 in Axes
   830 | D:2      | Reached XP level 4. HP: 28/39 MP: 4/4
  1130 | D:2      | Reached skill level 6 in Axes
  1822 | D:3      | Noticed Sigmund
  1835 | D:3      | Mangled by Sigmund

Illustrated notes

Levels and vault maps discovered:
D:1:      sevenhm_arrival_forest_fort_small_6, layout_basic
D:2:      minmay_door_path, layout_basic, serial_shops, nicolae_shop_stone
D:3:      layout_basic, lightli_temple_of_fire, kennysheep_slug_shrine,
          shapermc_ecumenical_altar_pompeii, uniq_sigmund, uniq_jessica

Skill      XL: |  1  2  3  4 |
---------------+-------------+-----
Axes           | 3 4 5 6 |  6.1
Fighting       | |  3.6
Armour         | |  3.2
Shields        | |  3.2

Action                     |  1- 3 |  4- 6 || total
---------------------------+-------+-------++-------
  Melee: War axe           |    67 |    67 ||   134
 Armour: Scale mail        |    33 |    29 ||    62
  Dodge: Dodged            |    28 |    25 ||    53
  Block: Buckler           |    20 |    11 ||    31
